 Dungeon Crawl Stone Soup version 0.31-a0-1074-g0b22e4e0f1 (webtiles) character file.

Game seed: 16864492261644071663

33 IdlyInterested the Changeling (level 3, -3/26 HPs)
             Began as a Demonspawn Shapeshifter on Nov 29, 2023.
             Slain by a worm (6 damage)
             ... on level 2 of the Dungeon.
             The game lasted 00:03:26 (810 turns).

IdlyInterested the Changeling (DsSh)                 Turns: 810, Time: 00:03:27

Health: -3/26      AC:  5    Str: 14    XL:     3   Next: 12%
Magic:  3/3        EV: 11    Int: 11    God:
Gold:   28         SH:  0    Dex: 14    Spells: 2/2 levels left

rFire   . .          .
                       - Unarmed
rCold   . . .        (no shield)
rNeg    . . .        k - +0 ring mail
rPois   .            (helmet currently unavailable)
rElec   .            (cloak currently unavailable)
rCorr   .            i - melded +0 pair of gloves
SInv    .            (boots currently unavailable)
Will    .....        (no amulet)
Stlth   +            (no ring)
HPRegen 0.24/turn    (no ring)
MPRegen 0.08/turn

%: no passive effects
@: brilliant, beast-form
A: beast (slay +1), ignite blood 1
a: Begin Untransformation


You were on level 2 of the Dungeon.
You were a hulking beast.
You visited 1 branch of the dungeon, and saw 2 of its levels.

You collected 28 gold pieces.

Inventory:

Hand Weapons
 l - a +0 dagger
 n - a +0 short sword
Missiles
 g - 11 stones (quivered)
Armour
 i - a +0 pair of gloves (melded)
 k - a +0 ring mail (worn)
 m - a +0 robe
Magical Staves
 e - a staff of fire
Talismans
 c - a beast talisman (active)
 d - a flux talisman
Scrolls
 h - 2 scrolls of identify {unknown}
Potions
 b - 2 potions of lignification


   Skills:
 + Level 1.4 Fighting
 - Level 1.7 Dodging
 - Level 3.0 Unarmed Combat
 * Level 3.4 Shapeshifting


You had 2 spell levels left.
You didn't know any spells.
Your spell library contained the following spells:

 Spells                   Type           Power      Damage    Failure   Level
 Kiss of Death            Conj/Necr      0%         2d5       58%         1
 Confusing Touch          Hex            0%         N/A       91%         3
 Dispel Undead            Necr           0%         3d6       100%        4


Dungeon Overview and Level Annotations

Branches:
Dungeon (2/15)

Altars:


Innate Abilities, Weirdness & Mutations

You are a hulking beast.
Your limbs bulge with bestial killing power. (Slay +1)
Your demonic aura sometimes causes spilled blood to erupt in flames.


Message History

The worm is severely wounded.
The worm bites you but does no damage.
You barely miss the worm.
The worm is severely wounded.
You barely miss the worm.
The worm is severely wounded.
The worm bites you!
* * * LOW HITPOINT WARNING * * *
You hit the worm but do no damage.
The worm is heavily wounded.
The worm bites you.
* * * LOW HITPOINT WARNING * * *
You barely miss the worm.
The worm is heavily wounded.
Throw: 12 stones
Press: ? - help, Q - select action Shift-Dir - straight line, f - worm
Aim: a worm (heavily wounded, 77% to hit)
You throw a stone. The stone hits the worm.
The worm is heavily wounded.
Unknown command.
Throw: 11 stones
Press: ? - help, Q - select action Shift-Dir - straight line, f/p - worm
Aim: a worm (heavily wounded, 77% to hit)
Okay, then.
It was a potion of brilliance.
You feel clever all of a sudden.
You hit the worm.
The worm is severely wounded.
The worm barely misses you.
You hit the worm.
The worm is severely wounded.
You hit the worm.
The worm is almost dead.
The worm closely misses you.
You hit the worm.
The worm is almost dead.
You hit the worm.
The worm is almost dead.
The worm bites you.
You die...

####
#....####
#.Sw.###
#..##h.$#
#.. ##..#
... ..#
.#. ....
# .####
.# #. #


You could see a worm and an adder.

Vanquished Creatures
  3 endoplasms
  A giant cockroach (D:1)
  5 goblins
  3 hobgoblins (D:1)
  4 kobolds (D:1)
  2 quokkas (D:1)
  3 ball pythons
  6 bats
  2 frilled lizards (D:1)
29 creatures vanquished.

Notes
Turn   | Place    | Note
-------+----------+-------------------------------------------
     0 | D:1      | IdlyInterested the Demonspawn Shapeshifter began the quest
                  | for the Orb.
     0 | D:1      | Reached XP level 1. HP: 15/15 MP: 1/1
    62 | D:1      | Gained mutation: Your demonic aura sometimes causes spilled
                  | blood to erupt in flames. [demonic ancestry]
    62 | D:1      | Reached XP level 2. HP: 17/21 MP: 2/2
   744 | D:1      | Reached XP level 3. HP: 26/26 MP: 3/3
   801 | D:2      | HP: 1/26 [worm (2)]
   810 | D:2      | Slain by a worm

Illustrated notes

Levels and vault maps discovered:
D:1:      evilmike_arrival_plus, layout_basic, minmay_misc_feat_more_columns
D:2:      wad_woods_stonehenge, layout_loops_ring, grunt_ministairs_8,
          minmay_pentomino_w4

Skill      XL: |  1  2 |
---------------+-------+-----
Shapeshifting  | 3 |  3.4
Unarmed Combat | 3 |  3.0
Fighting       | |  1.4
Dodging        | |  1.7

Action                     || total
---------------------------++-------
  Melee: Unarmed           ||    80
  Throw: Stone             ||     1
    Use: Potion            ||     1
 Armour: Animal skin       ||    30
         Ring mail         ||    19
  Dodge: Dodged            ||    52
   Form: Beast             ||     2
                           ||     1

Table legend: (Time is in decaauts)
 A = Elapsed time spent in this place.
 B = Non-inter-level travel time spent in this place.
 C = Inter-level travel time spent in this place.
 D = Time resting spent in this place.
 E = Time spent auto-exploring this place.
 F = Levels seen in this place.
 G = Mean time per level.
                   A        B        C        D        E       F      G
               +--------+--------+--------+--------+--------+-----+--------+
         Total |    806 |    800 |      6 |    179 |    333 |   2 |  403.0 |
       Dungeon |    806 |    800 |      6 |    179 |    333 |   2 |  403.0 |
               +--------+--------+--------+--------+--------+-----+--------+

Top non-repeatable levels by time:
     D:1: 772 daAuts
     D:2: 33 daAuts
